[Event "EU-ch 12th"]
[Site "Aix les Bains"]
[Date "2011.03.22"]
[Round "1"]
[White "Svidler, Peter"]
[Black "Ziska, Helgi Dam"]
[Result "1/2-1/2"]
[ECO "B07"]
[WhiteElo "2730"]
[BlackElo "2432"]
[PlyCount "37"]
[EventDate "2011.03.22"]
[EventType "swiss"]
[EventRounds "11"]
[EventCountry "FRA"]
[SourceTitle "CBM 142 Extra"]
[Source "ChessBase"]
[SourceDate "2011.06.27"]
[SourceVersion "1"]
[SourceVersionDate "2011.06.27"]
[SourceQuality "1"]
[TimeControl "40/5400+30:1800+30"]

1. d4 Nf6 2. g3 g6 3. Bg2 Bg7 4. e4 d6 5. Nc3 O-O 6. Nge2 e5 7. h3 c6 8. a4 a5
9. O-O Na6 10. Be3 Nb4 11. f4 exf4 (11... Nh5 12. Kh2 f5 13. Qd2 Qc7 14. Rac1 exf4 15.
Nxf4 Nf6 16. Nd3 {[%emt 0:02:19] 1/2-1/2 Alekseev,E (2691) -Motylev,A (2694)/
Plovdiv 2010/CBM}) 12. gxf4 $146 {[%emt 0:01:18] Une position test pour les
modules d'analyse qui ont du mal а comprendre la structure de P et même
Houdini donne un avantage noir alors que la position est équilibrée, voire
même ... un peu meilleure pour les Blancs qui ont le centre!} (12. Nxf4 $142 d5
13. e5 Ne8 14. Nb1 (14. Qd2) 14... f6 15. c3 Na6 16. exf6 Nxf6 17. Nd2 Nc7 18.
Qb3 Kh8 19. Rae1 Nce8 20. Nd3 Bf5 21. Ne5 Nd6 22. Bg5 Qc8 23. g4 Be6 24. Qc2
Bg8 25. Ndf3 Nde4 26. Nh4 Re8 {Bologan,V (2700)-Prusikin,M (2540)/ Warsaw 2005/
CBM 108/1-0 (32)}) 12... d5 $1 {08 Forçant un léger affaiblissement des cases
Blanches} 13. e5 Nh5 14. Qd2 {[%cal Gc3d1,
Gc2c3] Après 15 mns de réflexion} Bh6 $1 15. Nd1 {
[%cal Gc2c3] 55} Bf5 $1 16. Rc1 (16. c3 Nd3 $36 (
16... Nc2 $132) 17. Nf2 Nxf2 18. Rxf2 Qh4 ) 16... Na2 {Forçant la
nulle} 17. Ra1 Nb4 18. Rc1 Na2 19. Ra1 {Dominique PRIMEL}
1/2-1/2

[Event "EU-ch 12th"]
[Site "Aix les Bains"]
[Date "2011.03.24"]
[Round "3"]
[White "Wirig, Anthony"]
[Black "Svidler, Peter"]
[Result "1/2-1/2"]
[ECO "D85"]
[WhiteElo "2480"]
[BlackElo "2730"]
[PlyCount "74"]
[EventDate "2011.03.22"]
[EventType "swiss"]
[EventRounds "11"]
[EventCountry "FRA"]
[SourceTitle "CBM 142 Extra"]
[Source "ChessBase"]
[SourceDate "2011.06.27"]
[SourceVersion "1"]
[SourceVersionDate "2011.06.27"]
[SourceQuality "1"]
[TimeControl "40/5400+30:1800+30"]

1. d4 Nf6 2. c4 g6 3. Nc3 {Relève le défi théorique face au spécialiste de la
défense Gruenfeld} d5 4. cxd5 Nxd5 5. Bd2 $5 {Une ligne secondaire} Bg7 6. e4
Nb6 (6... Nxc3 7. Bxc3 c5 8. d5 Bxc3+ 9. bxc3 O-O 10. Rb1 e6 11. Bc4 Qf6 (11...
Qg5 12. Kf1) 12. Ne2 Nd7 13. dxe6 fxe6 14. O-O Nb6 15. Bb3 Qe5 (15... c4 16.
Bc2 e5 17. a4) 16. Qd3 {Lastin,A (2590)-Yandemirov,V (2515) Voronezh op-A 11th
2007 (3) 1-0} (16. a4 Qxe4 17. a5 Nc4 18. Ng3 Qf4 19. Bxc4 Qxc4 20. Qb3 Qxb3
21. Rxb3 Rd8 22. Rfb1 $44)) 7. Be3 O-O 8. h3
(8. Be2 {La grande ligne}) (8. f4) 8... e5 (8... f5 9. exf5 Bxf5 10. Nf3 Nc6
11. Qb3+ Kh8 12. d5 Ne5 13. Nxe5 Bxe5) 9. Nf3 ({RR} 9. dxe5 Bxe5 10. Qc2 Nc6
11. Nf3 Bg7 12. Be2 Nb4 13. Qb1 Qe7 14. O-O Be6 15. a3 Nc6 16. Qc2 Rfe8 17. Nb5
a6 18. Nc3 Bc4 19. Bxc4 Nxc4 20. Bg5 Nd4 21. Nxd4 Qxg5 22. Nf3 Qe7 23. Rfe1 c6
{Evdokimov,A (2564) -Svidler,P (2750)/Dagomys 2010/CBM 136/0-1 (41)}) 9... exd4
10. Bxd4 Bxd4 11. Qxd4 Be6 $146 ({RR} 11... Qe7 12. Qe3 ({RR} 12. Be2 Nc6 13. Qe3 Be6 14. O-O Rad8) ({RR} 12.
O-O-O) 12... Nc6 ({RR} 12... f5 13. Be2 fxe4 14. Nxe4 Bf5 15. Nc5 Qxe3 16. fxe3
N8d7 17. Nxb7 Rae8 18. O-O ({RR} 18. Kf2 Nd5 19. Bc4) 18... Rxe3 19. Rae1 Be4
20. Na5 Bd5 21. b3 Nc5) 13. Bb5 Nb4 ({RR} 13... f5 14. Bxc6 bxc6 15. exf5 ({RR
} 15. O-O) 15... Qxe3+ 16. fxe3 Bxf5 17. O-O Rae8 18. Rae1 Bd3 19. Rf2 Nd5) 14.
Rc1 Be6 ({RR} 14... f5 15. a3 a6 16. Be2 f4 ({RR} 16... Nc6 17. Nd5 Qxe4 18.
Nxc7 Qxe3 19. fxe3 Ra7 20. Nxa6) 17. Qd2 Nc6 18. Nd5 Nxd5 19. exd5 Ne5 20. O-O)
15. b3 a6 16. Be2 Nc6 17. O-O f6 18. Rfe1 Rad8 19. Bf1 Bf7 20. Nh2 Be6 21. f4
Nd4 ({RR} 21... Rd7 22. f5 Bf7 23. Ng4 Ne5) 22. f5 Bf7 23. Ng4 gxf5 ({RR} 23...
Nc6) 24. Nh6+ Kh8 25. Qf2 fxe4 ({RR} 25... Bh5 26. Nd5) ({RR} 25... f4) 26.
Rxe4 {Anand,V (2788)-Svidler,P (2754)/Moscow 2009/CBM 133/[Krasenkow]/ 1-0 (32)
}) (11... Nc6 12. Qe3 Be6) 12. Qc5 {[%cal Ga1d1] 43 Le MI s'est lancé dans une
longue réflexion après la nouveauté Be6} N8d7 (12... f5) 13. Qe3 Qe7 $11 14.
Be2 c6 (14... f5 $5 ) 15. O-O Bc4 16. Rfe1 Rfe8 17. b3 Bxe2 18. Rxe2 Qc5 19. Rd1 {19 Le français a
une position saine qui devrait lui permettre de faire face au zeitnot sans
problèmes} Qxe3 20. Rxe3 Re7 21. Ne1 (21. Red3) 21... a5 22. f3 a4 $132 23. Nc2 axb3
24. axb3 h5 25. h4 Nc5 26. b4 Ne6 27. Red3 Nc4 28. Rd7 Kf8 29. Rxe7 Kxe7 30. b5
cxb5 31. Rb1 Nc7 32. Nxb5 Nxb5 33. Rxb5 b6 34. Rb4 Rc8 35. Nd4
Kd6 36. Nb5+ Kd7 37. Nd4 Kd6 {Cette belle performance du français lui
permettait de commencer а penser а une nouvelle norme de GMI} 1/2-1/2

[Event "EU-ch 12th"]
[Site "Aix les Bains"]
[Date "2011.03.26"]
[Round "5"]
[White "Svidler, Peter"]
[Black "Ivanisevic, Ivan"]
[Result "1/2-1/2"]
[ECO "C41"]
[WhiteElo "2730"]
[BlackElo "2617"]
[PlyCount "35"]
[EventDate "2011.03.22"]
[EventType "swiss"]
[EventRounds "11"]
[EventCountry "FRA"]
[SourceTitle "CBM 142 Extra"]
[Source "ChessBase"]
[SourceDate "2011.06.27"]
[SourceVersion "1"]
[SourceVersionDate "2011.06.27"]
[SourceQuality "1"]
[TimeControl "40/5400+30:1800+30"]

1. e4 d6 2. d4 Nf6 3. Nc3 e5 4. Nf3 Nbd7 5. Bc4 Be7 6. O-O c6 (6... O-O {La grande ligne de
la défense Philidor}) 7. a4 Qa5 8. Re1 {
[%emt 0:04:40] 82} O-O 9. h3 {[%emt 0:04:31] 78} b5 {[%emt 0:
10:31] 77} 10. Ba2 {[%emt 0:26:31] 52" Joué après une longue réflexion
probablement pour analyser l'alternative Bd3} (10. Bd3 $5) 10... b4 {[%emt 0:
07:31] 70} 11. Nb1 (11.
Ne2 $5 Nxe4 12. dxe5 dxe5 13. Ned4 Ndf6 (13... Nxf2 14. Nxc6 ) 14. Nxc6 $14 ) 11... Qc7 $146 ({RR} 11... Bb7 12. Nbd2 Rad8 13. Nc4 Qc7 14.
a5 h6 15. Bd2 Rfe8 16. c3 Bf8 17. dxe5 Nxe5 18. Nfxe5 dxe5 19. Qc2 c5 20. f3
Ba6 21. Red1 Rd7 22. Be1 Nh5 23. Rxd7 Qxd7 24. Rd1 Qc7 25. Qa4 Qb8 26. Qb3 {
Slizhevsky, A (2452)-Avdeenko,T (2186)/Tomsk 2007/EXT 2008/1-0 (47)}) (11...
Ba6 $11) 12. Nbd2 {[%emt 0:04:05] 47} exd4 {[%emt 0:18:31] 50} 13. Nxd4 Nc5 14. Qf3 $1 {[%emt 0:03:45][%cal Gd4c6,
Ge4e5,Gd4f5] 44} Be6 {[%emt 0:03:31] 44} (14... Re8 ) 15. N2b3 {
[%emt 0:08:31] 36 Les deux joueurs ont beaucoup réfléchi lors de cette phase
de jeu et le zeitnot approche} (15. Nc4 $5 Nfxe4 16. Rxe4 d5 17. Qf4 Qxf4 18.
Rxf4 dxc4 19. Nxe6 fxe6 20. Rxc4 $36 ) 15... d5 $1 {
[%emt 0:06:31] 37} 16. Bf4 {[%emt 0:02:31][%cal Gf4c7] 35} Qd7 17. exd5 {[%emt 0:02:15] 30} (17. e5 Nfe4 $132) 17... Bxd5 18.
Nxc5 {La gestion du temps de cette partie nous apprend qu'il ne s'agissait
nullement d'une nulle de salon.} 1/2-1/2

[Event "EU-ch 12th"]
[Site "Aix les Bains"]
[Date "2011.03.27"]
[Round "6"]
[White "Popov, Ivan1"]
[Black "Svidler, Peter"]
[Result "1/2-1/2"]
[ECO "C48"]
[WhiteElo "2613"]
[BlackElo "2730"]
[PlyCount "42"]
[EventDate "2011.03.22"]
[EventType "swiss"]
[EventRounds "11"]
[EventCountry "FRA"]
[SourceTitle "CBM 142 Extra"]
[Source "ChessBase"]
[SourceDate "2011.06.27"]
[SourceVersion "1"]
[SourceVersionDate "2011.06.27"]
[SourceQuality "1"]
[TimeControl "40/5400+30:1800+30"]

1. e4 e5 2. Nf3 Nc6 3. Nc3 Nf6 4. Bb5 {92} Nd4 {90} 5. Nxe5 {Cette vieille
ligne n'a pas trés bonne réputation théorique mais elle a surpris les Noirs
qui ont réfléchi avant de choisir une variante} Qe7 {87} 6. f4 {92} Nxb5 {82}
7. Nxb5 d6 {73 Les Noirs ont visiblement été sortis de la préparation au 05ème
coup} 8. Nf3 Qxe4+ (8... c6 $5) 9. Kf2 Ng4+ 10. Kg3 Qg6 11. Nh4 Qf6 $1 $146 {
66 Une forte nouveauté trouvée devant l'échiquier} (11... Qh5 12. h3 (12. Nxc7+
Kd8 13. h3 $13) 12... Qxb5 13. hxg4 (13. a4 $5 {Obodchuk} Qd5 14. hxg4) 13...
g5 14. fxg5 Qe5+ 15. Kf2 Qd4+ 16. Kg3 Qe5+ 17. Kh3 Qxg5 18. d4 Qa5 19. g3 Rg8
20. Kh2 Bxg4 21. Re1+ Be7 22. Qd2 Kd7 23. Qh6 Qd5 24. Be3 Rae8 25. Bf2 Bg5 26.
Qxh7 {Lundin,E-Michel,P/Buenos Aires 1939/ HCL/0-1 (34)}) 12. h3 {89} g5 {61}
13. Qe2+ Ne5 14. d4 (14. Nf3 gxf4+ 15. Kh2 {Vandenbussche,T (2359)-Hebden,M 
(2516) Amsterdam Batavia Grolsch 4th 2012 (7) 1-0}) 14... gxf4+ 15. Kh2 Qxh4 (
15... Kd8 16. dxe5 Qxh4 17. exd6 Qg3+ 18. Kg1 Bd7 19. Nc3 Bc6 20. dxc7+ Kxc7
21. Qf2 Bd6 $40 {[%csl Rg1] Obodchuk" The four N game"}) 16. dxe5 Qg3+ {50} 17.
Kg1 f3 {25 Après une longue réflexion, les Noirs choisissent ce coup qui force
quasiment l'échange des Q} (17... Rg8 18. Nxc7+ Kd8 19.
Bxf4 (19. Nxa8 f3) 19... Qxf4 20. Nxa8 b6 21. Rf1 Qd4+ 22. Qf2 (22. Kh2 $6 Bg7 ) 22... Bb7 23. Rh2 (23.
Qxd4 Rxg2#) 23... Qxf2+ 24. Rxf2 dxe5 25. Rxf7 (25. g4 Bc5)
25... Bc5+ 26. Kf1 Bxa8 27. Rxh7 Be4 28. Rf7 Bxc2 29. g4 Bd3+ 30. Ke1 a5 $17) (
17... Kd8 $5 {Plus simple}) 18. Qxf3 (18. Qf2 $143 Qxf2+ 19. Kxf2 fxg2 20. Kxg2
Rg8+ $36 21. Kf2 Kd8 ) 18... Qxf3 19. gxf3 Kd7 20. exd6 Bxd6
21. Nxd6 Kxd6 1/2-1/2

[Event "EU-ch 12th"]
[Site "Aix les Bains"]
[Date "2011.03.28"]
[Round "7"]
[White "Svidler, Peter"]
[Black "Azarov, Sergei Nikolaevich"]
[Result "1-0"]
[ECO "C93"]
[WhiteElo "2730"]
[BlackElo "2615"]
[Annotator "Ftacnik,L/Primel,D"]
[PlyCount "123"]
[EventDate "2011.03.22"]
[EventType "swiss"]
[EventRounds "11"]
[EventCountry "FRA"]
[SourceTitle "CBM 142 Extra"]
[Source "ChessBase"]
[SourceDate "2011.06.27"]
[SourceVersion "1"]
[SourceVersionDate "2011.06.27"]
[SourceQuality "1"]
[TimeControl "40/5400+30:1800+30"]

1. e4 e5 2. Nf3 Nc6 3. Bb5 a6 4. Ba4 Nf6 5. O-O Be7 6. Re1 b5 7. Bb3 d6 8. c3
O-O 9. h3 h6 {Une ligne secondaire} (9... Na5) 10. d4 {94} Re8 {91} (10... Bb7
11. Nbd2) 11. Nbd2 Bf8 12. Bc2 {82} (12. Nf1 {La grande ligne} Bb7 13. Ng3)
12... Bb7 {88} 13. d5 $1 (13. a4) (13. a3) 13... Ne7 (13...
Nb8 {L'alternative qui est assez passive} 14. b3 c6 15. c4 $14 {Geller,E (2545)
-Zaitsev,I (2465) Yerevan zt 1982 (5) 1-0}) 14. b3 {77} c6 {86} 15. c4 $14 {
Les Noirs manquent un peu d'espace} cxd5 {Mine le centre avant de l'attaquer
par le levier f7f5} 16. cxd5 Nd7 $1 (16... Rc8 17.
Nf1 Nh5 18. a4 $1 {[%cal Ga4b5,Ga1a7];
Topalov,V (2630)-Piket,J (2670) Amsterdam Euwe Memorial 1995 (1) 1-0}) 17. a4
$1 {58 Le russe est sorti de sa préparation contrairement а son adversaire qui
continue а jouer trés vite.} (17. g4 Ng6 18. Nf1 Nf4 19. Kh2 Rc8 20. Bd2 h5 21.
Ne3 hxg4 22. hxg4 Nf6 23. Rg1 g6 24. Rc1 Qd7 25. Rg3 {Ivanchuk,V (2779)
-Morozevich,A (2771) Amber-blindfold 18th rapid 2009 (8) 1-0}) 17... f5 $1 {
[%csl Rd5][%cal Gf5e4,Ge7d5] 82} 18. axb5 (18. Ba3 Nf6 19. exf5 Nexd5) (18.
exf5 Nxd5 19. Ne4 Nb4 20. Bb1 d5 $132 {[%csl Gd5,Ge5];Shchekachev,A (2551)-Lin
Ta (2361) Bad Zwesten op 7th 2003 (7) 0-1}) 18... axb5 (18... fxe4 $6 19. Nxe4
Nxd5 20. bxa6 Nb4 21. Ba3 Nxc2 22. axb7 Nxe1 23. Nxe1 Rb8 24. Bxd6
$36 ) 19. Rxa8 Qxa8 $132 20. Bd3 {[%csl Rb5] 54} fxe4 $146 {Ftacnik: The mounting of the pressure
against the squares e4 and d5 is unpleasant for the first player. Analysis
proves that immediate action in the centre was good enough for equality.} ({RR
} 20... Nf6 21. Bxb5 ({RR} 21. exf5 Bxd5 22. Nh4 Bc6 23. Qe2 Qa5) 21... Rc8 22.
Bc4 ({RR} 22. exf5 Nxf5 ({RR} 22... Bxd5 23. Nh4) 23. Bd3 Ne7 24. Nc4 Nexd5 25.
Bf5 Rc7 26. Be6+ Kh7 27. Qc2+ e4 28. Bd2 Nb6) 22... fxe4 23. Nxe4 Nxe4 24. Rxe4
Bxd5 25. Rg4 Kh8 ({RR} 25... h5 26. Re4 g6) 26. Be3 ({RR} 26. Bb2 Bxf3 27. Qxf3
Qxf3 28. gxf3 d5 29. Bd3 Rb8) 26... Bxf3 27. gxf3 ({RR} 27. Qxf3 Qxf3 28. gxf3
d5 29. Ba6 Rc3) 27... d5 28. Bd3 Rc3 29. Bb1 ({RR} 29. b4 Qa3 30. Bf1 d4 31.
Bd2 Rxf3) 29... d4 ({RR} 29... Qa3 30. b4 Qb3) 30. Be4 Qa2 31. Bd2 Rxb3 ({RR} 
31... Qxb3 32. Qxb3 Rxb3 33. f4 Rb2 34. Ba5) 32. Kg2 ({RR} 32. f4 d3 33. Kg2
Rb1 34. Qf3 Qxd2 35. Bxd3 Rb8 ({RR} 35... Rb3 36. Qa8) 36. Qe4 Kg8 ({RR} 36...
g6 37. Qxe5+ Kh7 38. Qxb8 Qxd3 39. Qxf8) 37. Bc4+ Kh8 38. Bd3) 32... Rb2 33.
Be1 ({RR} 33. Bc1 Rxf2+ 34. Kg1 d3 35. Bxd3 ({RR} 35. Qxd3 Re2) 35... Nd5 36.
Bc4 Bc5 37. Bxa2 Rd2+ 38. Kh1 Rxd1+) 33... Nd5 34. Kg1 {0-1 Nisipeanu,L (2675)
-Ivanchuk,V (2746)/Bazna 2009/CBM 131/[Ftacnik] (34)} ({RR} 34. Bxd5 Qxd5 35.
Qd3 Be7) {RR} 34... Nf6 35. Rg6 Nxe4 36. fxe4 Rb1) 21. Bxb5 {49} ({RR} 21. Nxe4
Nxd5 22. Bxb5 Bc6 23. Bc4 N7b6 24. Nh4 Re6 25. Qg4 Qe8) 21... exf3 {89} 22.
Bxd7 fxg2 $1 (22... Rd8 23. Be6+ Kh7 24. Qxf3 Bxd5 25. Bxd5 Qxd5 26. Ne4 ) 23. Ne4 {43} (23. Bxe8 Qxe8 24. Ne4 Bxd5 25. Ba3 (25. Nxd6 $2 Qd7)
25... Qa8 26. Nc3 Bf3 27. Qd3 e4 $36) 23... Nxd5 $11 {81 Le centre Blanc a
éclaté et les Noirs ont des pièces actives.} 24. Qh5 Re7 25. Bf5 Qe8 26. Qg4 Rc7 27. Ba3 {27} (27. Bxh6 Bc8) 27... Bc8 (27... Qd8 $15 ) 28. Nxd6 Bxd6 29. Bxd6 Bxf5 30. Qxf5 Rf7 31. Qxe5 Qxe5 32. Rxe5
Nf4 33. Re8+ Kh7 34. Re3 g5 (34... Rf6 $5 35. Bxf4 $1 Rxf4 36.
Kxg2 {La mauvaise structure blanche réduit les chances de gain et la nulle est
probable en particulier parceque la R blanche est mal placée alors que dans la
partie, elle va réussir а se placer derrière le P passé "b"} Rb4 37. Kf3 Kg6
38. Ke2 Kf5 39. Kd2 g5 40. Kc3 Rf4 41. b4 Rxf2 42. b5 Rf1 43. Kb4 Rb1+ $132 ) 35. b4 Nd5 $6 (35... Kg6) (35... Rb7) 36. Rd3 Nf4 37. Bxf4 Rxf4
38. Rb3 $1 $16 Rf6 39. b5 Rb6 {[%csl Gb3,Rb6]
Comme souvent la différence d'activité des R est plus importante que le
matériel et la position noire devient trés critique} 40. Kxg2 Kg6 41. Kg3 Kf5
42. Kf3 h5 {Un coup naturel mais qui va provoquer un affaiblissement de
l'aile-roi} 43. Rb1 Ke5 44. Ke3 Kd5 {Le problème de "l'âne de Buridan", le K
Noir ne peut а la fois attaquer le P"b" tout en protégeant l'aile-roi et la
position est sans espoir.} 45. Kd3 Rd6 46. b6 $1 Kc6+ 47. Ke4 $1 Kb7 48. Kf5 Rd5+ 49. Kg6 g4 50. h4 $1 Ra5 51. Rb4 $1 {[%cal Gb4f4,
Gf4f5] La manoeuvre décisive} Rc5 52. Rf4 Kxb6 53. Rf5 Rc3
54. Rxh5 Rh3 55. Kf5 Rf3+ 56. Kxg4 Rxf2 57. Rg5 Kc7 58. h5 Rh2 59. Kf5 Kd7 60.
Kg6 Re2 61. h6 Re6+ 62. Kh5 1-0

[Event "EU-ch 12th"]
[Site "Aix les Bains"]
[Date "2011.03.30"]
[Round "8"]
[White "Smeets, Jan"]
[Black "Svidler, Peter"]
[Result "1/2-1/2"]
[ECO "C68"]
[WhiteElo "2660"]
[BlackElo "2730"]
[PlyCount "38"]
[EventDate "2011.03.22"]
[EventType "swiss"]
[EventRounds "11"]
[EventCountry "FRA"]
[SourceTitle "CBM 142 Extra"]
[Source "ChessBase"]
[SourceDate "2011.06.27"]
[SourceVersion "1"]
[SourceVersionDate "2011.06.27"]
[SourceQuality "1"]
[TimeControl "40/5400+30:1800+30"]

1. e4 e5 2. Nf3 Nc6 3. Bb5 a6 4. Bxc6 dxc6 5. O-O {81} (5. Nc3 Bc5 (5... f6) 6.
d3 Bg4 (6... f6)) 5... Be7 {81} (5... f6 6. d4 Bg4 (6... exd4 7. Nxd4 c5 8. Nb3
Qxd1 9. Rxd1)) (5... Bg4 6. h3 h5 7. d3 Qf6 8. Nbd2 Ne7 9. Re1 Ng6 10. d4 Bd6
11. hxg4 hxg4 12. Nh2) (5... Qd6 6. d3 (6. d4) 6... f6 7. Be3 Be6 (7... Bg4 8.
Nbd2 O-O-O 9. Rb1 Ne7 10. b4 g5 (10... Ng6) 11. a4 Ng6 12. b5 $36 {Mecking,H 
(2615)-Kortschnoj,V (2670) Candidates qf4 1974 (12) 1-0}) (7... c5)) 6. Qe2 {
Une ligne secondaire} (6. d3 Bf6 7. Nbd2 Ne7 8. Nc4 (8. d4 $1)) (6. Nxe5 Qd4 7.
Qh5 g6 8. Nf3 Qxe4 9. Qa5) 6... Bf6 (6... Bg4 7. h3 Bxf3 8. Qxf3 Bf6 (8... Bg5
{Salgado Lopez,I (2556)-Roiz,M (2677) Pamplona 18th 2008 (4) 1/2}) 9. d3 Ne7
10. Be3 Ng6 11. Nd2 O-O 12. g3 {1/2-1/2 Malisauskas,V (2491)-Butnorius,A (2437)
/Nemencine 2010/CBM 136 Extra}) 7. Rd1 {73 Les Blancs ont réfléchi longtemps
sur cette position} Bg4 (7... c5 8. c3 Bg4 9. d3 Qd7 10. h3 Bxf3 11. Qxf3 Ne7 {
Martinez,R (2425)-Sbarra,M (2312) Milan Crespi op-A 31st 2010 (8) 1/2}) 8. h3
Bxf3 9. Qxf3 Ne7 10. b3 {47} (10. d3 {Plus souple} O-O) 10... O-O {64} 11. Bb2
c5 12. d3 Nc6 $132 13. Qe2 {46} g6 {53} (13... Qe7)
14. Nd2 Bg7 15. Rf1 Qd7 16. Rae1 Rae8 (16... Rad8) 17. Qd1
Nd4 $11 18. Nf3 f5 19. Ba3 fxe4 1/2-1/2

[Event "EU-ch 12th"]
[Site "Aix les Bains"]
[Date "2011.04.02"]
[Round "11"]
[White "Wojtaszek, Radoslaw"]
[Black "Svidler, Peter"]
[Result "1/2-1/2"]
[ECO "D75"]
[WhiteElo "2711"]
[BlackElo "2730"]
[PlyCount "44"]
[EventDate "2011.03.22"]
[EventType "swiss"]
[EventRounds "11"]
[EventCountry "FRA"]
[SourceTitle "CBM 142 Extra"]
[Source "ChessBase"]
[SourceDate "2011.06.27"]
[SourceVersion "1"]
[SourceVersionDate "2011.06.27"]
[SourceQuality "1"]
[TimeControl "40/5400+30:1800+30"]

1. d4 {Incroyable, le polonais double les Blancs pour la .. seconde fois!} Nf6
2. c4 g6 3. Nf3 Bg7 4. g3 c5 (4... O-O) 5. Bg2 {Les Blancs préfèrent jouer une
anglaise plutôt qu'une Benoni et visiblement le polonais préfère assurer le
demi-point.} (5. d5) 5... O-O 6. O-O cxd4 7. Nxd4 d5 (7... Nc6 $132) 8. cxd5
Nxd5 9. Nb5 Be6 (9... a6) 10. Nd4 Bc8 (10... Bxd4 11. Qxd4 Nc6 $132 {Liabotro,
P (2300)-Zaltsman,V (2430) Gausdal Int 1986 0-1}) 11. Nc3 Nxc3 12. bxc3 Qc7 13.
Qb3 {74} (13. Be3 Nc6 14. Nxc6 bxc6 15. Qa4 Be6 16. Bxc6 Rac8 17. Bf3 Bxc3 18.
Rab1 a5 19. Rfc1 {1/2-1/2 Gligoric,S (2575)-Czerniak,M/Moscow 1956/MCD}) 13...
Nc6 {67} (13... Rd8 14. Bf4 e5 15. Nb5 Qe7 16. Be3 Nc6 17. Qa3 Qxa3 18. Nxa3
Be6 19. Rfb1 Rd7 20. Rxb7 Rxb7 21. Bxc6 Rab8 22. Bxb7 Rxb7 23. c4 Bf8 24. Rb1
Rxb1+ 25. Nxb1 Bxc4 26. Bxa7 Bxe2 27. Nc3 Bc4 28. a4 {Karpov,A (2619)-Aronian,
L (2786)/Moscow 2009/EXT 2010/1/2-1/2 (59)}) 14. Nxc6 bxc6 {Avec la structure
symétrique, une nulle rapide est déjà prévisible.} 15. Bf4 Qa5
16. Bxc6 {68} (16. Rac1) 16... Be6 {59} 17. Qb4 Qxb4 18. cxb4 Bxa1 19. Bxa8 Bc3
20. Bf3 Bxb4 21. Rc1 $146 (21. Rb1 {Bocharov,D (2585)-Sutovsky,E (2669) Moscow
Aeroflot op-A 2005 (1) 1/2}) 21... Bxa2 (21... a5) 22. Ra1 Be6 1/2-1/2